 Dungeon Crawl Stone Soup version 0.19-a0-1654-g9d3f708 (webtiles) character file.

872 HungrySpirit the Carver (level 7, -4/64 HPs)
             Began as a Minotaur Fighter on Sept 20, 2016.
             Was a Follower of Uskayaw.
             Slain by an ogre
             ... wielding a +0 giant spiked club
              (19 damage)
             ... on level 5 of the Dungeon.
             The game lasted 00:07:00 (3825 turns).

HungrySpirit the Carver (Minotaur Fighter)          Turns: 3825, Time: 00:07:01

Health: -4/64      AC:  7    Str: 23    XL:     7   Next: 74%
Magic:  3/6        EV: 10    Int:  5    God:    Uskayaw [*.....]
Gold:   3          SH:  0    Dex:  9    Spells: 0 memorised, 6 levels left

rFire  . . .     SeeInvis .     a - +0 long sword
rCold  + . .     Gourm    .     b - +1 scale mail
rNeg   . . .     Faith    .     (no shield)
rPois  .         Spirit   .     (helmet restricted)
rElec  .         Dismiss  .     (no cloak)
rCorr  .         Reflect  .     (no gloves)
MR     .....     Harm     .     (no boots)
Stlth  ..........               (no amulet)
                                (no ring)
                                u - ring of protection from cold

@: no status effects
A: retaliatory headbutt, horns 2
a: Stomp, Renounce Religion


You were on level 5 of the Dungeon.
You worshipped Uskayaw.
Uskayaw was noncommittal.
You were hungry.

You visited 1 branch of the dungeon, and saw 5 of its levels.

You collected 190 gold pieces.
You spent 187 gold pieces at shops.

Inventory:

Hand Weapons
 a - a +0 long sword (weapon)
Missiles
 v - a throwing net (quivered)
Armour
 b - a +1 scale mail (worn)
 c - a +0 shield
Jewellery
 u - a ring of protection from cold (left hand)
Wands
 g - a wand of paralysis (10/24)
 w - a wand of acid (5/15)
 D - a wand of disintegration (6/24)
Scrolls
 i - 4 scrolls of identify
 j - 6 scrolls of remove curse
 m - 2 scrolls of fear {unknown}
 o - 2 scrolls of enchant weapon {unknown}
 p - a scroll of noise {unknown}
 t - 2 scrolls of recharging {unknown}
 y - 2 scrolls of magic mapping {unknown}
 A - 2 scrolls of immolation {unknown}
 B - 3 scrolls of teleportation {unknown}
 C - a scroll of summoning {unknown}
 E - a scroll of blinking {unknown}
 F - a scroll of fog {unknown}
Potions
 d - a potion of mutation {unknown}
 e - 3 potions of curing
 k - a potion of magic
 l - 2 potions of agility {unknown}
 q - a potion of haste {unknown}
 r - a potion of flight {unknown}
 z - a potion of invisibility {unknown}
Books
 s - a book of Enchantments

   Spells                             Type                      Level
   a - Cause Fear                     Hexes                        4
   b - Yara's Violent Unravelling     Hexes/Transmutation          5
   c - Silence                        Hexes/Air                    5
   d - Deflect Missiles               Charms/Air                   6
   e - Haste                          Charms                       6
   f - Discord                        Hexes                        8
Comestibles
 f - 4 bread rations
 h - a beef jerky
 n - 3 fruits
 x - 3 meat rations


   Skills:
 + Level 6.4 Fighting
 * Level 9.1 Long Blades
 - Level 3.6 Armour
 - Level 1.2 Dodging
 - Level 3.6 Shields
 + Level 1.1 Invocations


You had 6 spell levels left.
You didn't know any spells.

Dungeon Overview and Level Annotations

Branches:
Dungeon (5/15)
 Temple: D:4-7

Altars:
Cheibriados
Dithmenos
Makhleb
Nemelex Xobeh
Qazlal
Uskayaw

Shops:
D:5 **[%


Innate Abilities, Weirdness & Mutations

You reflexively headbutt those who attack you in melee.
You have a pair of horns on your head.


Message History

You slash the ogre!
The ogre is heavily wounded.
The ogre hits you with a giant spiked club!!
You hit the ogre but do no damage.
The ogre is heavily wounded.
The ogre hits you with a giant spiked club.
You slash the ogre!
The ogre is severely wounded.
You can now pass through a line of other dancers.
You closely miss the ogre.
The ogre is severely wounded.
The ogre hits you with a giant spiked club!
* * * LOW HITPOINT WARNING * * *
You are too injured to fight recklessly!
You stomp with the beat, sending a shockwave through the revelers around you!
The ogre is severely wounded.
You are feeling hungry.
You can no longer pass through a line of other dancers.
The ogre hits you with a giant spiked club!!
You die...

#.#...#
#.#...#
#.##..#
#.....#
####.##
#.# #.#
########.#
......O@.#
##########
#.# # #.#
### # #..
..# # #.#
#.#


You could see an ogre.

Vanquished Creatures
  Sigmund (D:3)
  The ghost of HungrySpirit the Slasher, an amateur CeFi of Hepliaklqana (D:4)
  2 phantoms (D:4)
  A jelly (D:5)
  3 orc priests (D:5)
  A bullfrog skeleton (D:5)
  Jessica (D:3)
  3 iguanas
  A worker ant (D:4)
  A hound skeleton (D:4)
  4 adders
  An ooze (D:1)
  2 adder skeletons
  5 worms
  4 dart slugs
  A leopard gecko (D:2)
  5 orcs
  2 giant cockroaches
  10 goblins
  2 hobgoblins
  8 jackals
  6 kobolds
  2 quokkas
  2 ball pythons
  7 bats
  2 frilled lizards
  A leopard gecko skeleton (D:5)
  9 rats
88 creatures vanquished.

Notes
Turn   | Place    | Note
-------+----------+-------------------------------------------
     0 | D:1      | HungrySpirit the Minotaur Fighter began the quest for the Orb.
     0 | D:1      | Reached XP level 1. HP: 19/19 MP: 0/0
    92 | D:1      | Reached XP level 2. HP: 22/27 MP: 1/1
   168 | D:1      | Reached skill level 3 in Long Blades
   269 | D:1      | Reached XP level 3. HP: 30/33 MP: 2/2
   388 | D:2      | Found a sparkling altar of Nemelex Xobeh.
   430 | D:2      | Reached skill level 4 in Long Blades
   449 | D:2      | Found a burning altar of Makhleb.
   926 | D:2      | Found a sparkling altar of Nemelex Xobeh.
  1012 | D:3      | Reached XP level 4. HP: 38/41 MP: 3/3
  1154 | D:3      | Noticed Sigmund
  1522 | D:3      | Noticed Jessica
  1527 | D:3      | Killed Jessica
  1527 | D:3      | Reached skill level 5 in Long Blades
  1816 | D:3      | Reached XP level 5. HP: 45/47 MP: 4/4
  1835 | D:3      | Killed Sigmund
  1835 | D:3      | Reached skill level 6 in Long Blades
  1835 | D:3      | Reached skill level 1 in Dodging
  1835 | D:3      | Reached XP level 6. HP: 55/55 MP: 5/5
  1997 | D:3      | Reached skill level 5 in Fighting
  2135 | D:4      | Found a shadowy altar of Dithmenos.
  2149 | D:4      | Reached skill level 7 in Long Blades
  2459 | D:4      | Found a hide-covered altar of Uskayaw.
  2535 | D:4      | Noticed HungrySpirit's ghost (amateur CeFi)
  2559 | D:3      | Reached XP level 7. HP: 49/61 MP: 6/6
  2626 | D:4      | Killed HungrySpirit's ghost
  2626 | D:4      | Reached skill level 8 in Long Blades
  2888 | D:4      | Found a snail-covered altar of Cheibriados.
  3280 | D:4      | Became a worshipper of Uskayaw the Reveler
  3303 | D:5      | Entered Level 5 of the Dungeon
  3304 | D:5      | Reached * piety under Uskayaw
  3361 | D:5      | Found Parravut's Food Emporium.
  3379 | D:5      | Found Iczuolun's Armour Boutique.
  3425 | D:5      | Reached ** piety under Uskayaw
  3619 | D:5      | Found Zeujaen's Assorted Antiques.
  3627 | D:5      | Bought a glass wand for 84 gold pieces
  3627 | D:5      | Bought a scroll labeled SOPRETURIJ for 21 gold pieces
  3627 | D:5      | Bought a bubbling puce potion for 18 gold pieces
  3679 | D:5      | Reached skill level 9 in Long Blades
  3680 | D:5      | Reached *** piety under Uskayaw
  3696 | D:5      | Found a stormy altar of Qazlal.
  3703 | D:5      | Found Ulemestro's Assorted Antiques.
  3711 | D:5      | Bought a scroll labeled WUAKI TOLA for 32 gold pieces
  3711 | D:5      | Bought a scroll labeled YBUIDDAFIO for 32 gold pieces
  3738 | D:5      | Reached skill level 1 in Invocations
  3825 | D:5      | Slain by an ogre

Vault maps used:
D:1:      scummos_arrival_hexagon
D:2:      nemelex_xobeh_ov_fountains_minmay, first_bread,
          kennysheep_flooded_box, minmay_hexomino_r4
D:3:      minivault_14, uniq_sigmund, uniq_jessica
D:4:      cheibriados_altar_1, nicolae_overflow_crystal_walls,
          grunt_dithmenos_shadows
D:5:      old_standard_altar, serial_shops, nicolae_shop_stone, shop,
          nicolae_shop_stone, shop, nicolae_shop_waterfront

Skill      XL: |  1  2  3  4  5  6  7 |
---------------+----------------------+-----
Fighting       | 4 5 6 |  6.4
Long Blades    | 3 4 5 6 7 9 |  9.1
Dodging        | 1 |  1.2
Invocations    | 1 |  1.1
Armour         | |  3.6
Shields        | |  3.6

Action                   |  1- 3 |  4- 6 |  7- 9 || total
-------------------------+-------+-------+-------++-------
Melee: Long sword        |    94 |    95 |    50 ||   239
       Headbutt          |    15 |    16 |    15 ||    46
Invok: Stomp             |       |       |     1 ||     1
Evoke: Wand              |       |     2 |       ||     2
  Use: Scroll            |       |     3 |       ||     3
       Potion            |       |       |     1 ||     1
 Stab: Paralysed         |       |       |     1 ||     1
  Eat: Chunk             |       |     5 |     1 ||     6
       Pizza             |       |       |     2 ||     2
Armor: Scale mail        |    41 |    42 |    18 ||   101
Dodge: Dodged            |    50 |    45 |    14 ||   109
